AoeStats
← Tavik

African Clearing

505343513Analyzed
2v2 RM · 24d ago on Sep 9, 2026· 47m 4s· 4 players
Game mode
Random Map
Map size
Medium (4 player)
Population
200
Speed
Normal
Resources
Standard
Victory
Conquest
Starting age
Dark Age
Ending age
Imperial Age
RankedLock teamsTeams togetherTeam positionsShared explorationLock speedFull tech treeHidden civsTurbo modeCheats
Victory
Defeat
🇵🇪 Khmer · Peru
1415
+13
🇲🇽 Vietnamese · Mexico
1354
+15
🇨🇿 Malians · Czechia
1370
-16
🇨🇿 Huns · Czechia
1303
-12
Melioth
4:20 Loom
15:21 Feudal Age
19:36 Castle Age
17:42 Stone Mining
17:46 Double-Bit Axe
18:15 Horse Collar
19:37 Gold Mining
21:39 Forging
21:35 Scale Barding Armor
25:05 Iron Casting
26:50 Husbandry
28:24 Pikeman
29:37 Chain Barding Armor
31:02 Bloodlines
35:02 Gold Shaft Mining
37:21 Wheelbarrow
42:33 Imperial Age
40:21 Hand Cart
42:43 Bow Saw
42:49 Heavy Plow
42:52 Scale Mail Armor
43:14 Squires
42:36 Halberdier
43:04 Arson
44:24 Blast Furnace
44:15 Chain Mail Armor
45:15 Plate Barding Armor
45:16 Cavalier
Tavik
3:37 Loom
14:07 Feudal Age
17:14 Arson
18:36 Man-at-Arms
le Alexis Á
6:28 Loom
13:17 Feudal Age
22:25 Fletching
33:44 Castle Age
36:15 Bodkin Arrow
35:44 Crossbowman
40:21 Double-Bit Axe
41:20 Town Watch
44:30 Bodkin Arrow
44:36 Padded Archer Armor
46:19 Leather Archer Armor
47:02 Ballistics
CTM | KLIN
3:43 Loom
14:07 Feudal Age
16:56 Castle Age
15:30 Double-Bit Axe
16:47 Horse Collar
20:28 Forging
23:58 Scale Barding Armor
24:49 Husbandry
25:31 Bloodlines
29:31 Iron Casting
30:12 Chain Barding Armor
30:15 Bow Saw
37:07 Wheelbarrow
37:11 Gold Mining
37:11 Stone Mining
37:29 Town Watch
40:16 Imperial Age
38:33 Hand Cart
38:19 Town Patrol
40:20 Cavalier
42:16 Blast Furnace
42:32 Conscription
44:32 Gold Shaft Mining
44:33 Stone Shaft Mining
43:47 Elite Battle Elephant
44:33 Tusk Swords
45:45 Plate Barding Armor
Connection lost

Rejoining the realm…

Still unreachable

The connection could not be restored.

Session expired

The server has moved on; the page needs a fresh start.